 Dungeon Crawl Stone Soup version 0.17-a0-877-ga10078a (webtiles) character file.

682151 nubinia the Archmage (level 27, 38/144 HPs)
             Began as a Deep Elf Venom Mage on Apr 24, 2015.
             Was the Champion of Zin.
             Quit the game on level 5 of the Abyss on Apr 30, 2015.
             The game lasted 1 day 01:01:57 (135604 turns).

nubinia the Archmage (Deep Elf Venom Mage)    Turns: 135604, Time: 1 , 01:01:57

Health: 38/144     AC: 29    Str: 11    XL:     27
Magic:  49/50      EV: 34    Int: 27    God:    Zin [******]
Gold:   4029       SH:  8    Dex: 15    Spells: 19 memorised, 3 levels left

rFire  + . .     SeeInvis +     a - +9 short sword (protect)
rCold  + . .     Clarity  .     y - +0 robe of Ylufycso {rN+ Str+4 SInv Stlth+}
rNeg   + + .     SustAb   .     Z - +2 buckler "Rein" {rCorr}
rPois  .         Gourm    .     D - +2 hat {MR+}
rElec  +         Spirit   .     x - +2 cloak of Starlight {rElec rC+ EV+4 Stlth--}
rCorr  +         Warding  .     u - +2 pair of gloves
rMut   .         Stasis   .     K - +1 pair of boots of the Gate {rF+ rN+ Regen+ Dex-5}
MR     +++..                    S - amulet of regeneration
Stlth  +++++.....               s - ring of Robustness {AC+8}
                                v - +5 ring of evasion

@: swift, short of breath, non-regenerating, mildly diseased, quick, extremely
resistant to hostile enchantments, quite stealthy
A: iridescent scales 1, low mp 1, sense surroundings 1
a: Recite, Vitalisation, Imprison, Sanctuary, Cure All Mutations, Renounce
Religion
}: 4/15 runes: barnacled, silver, golden, gossamer


You were on level 5 of the Abyss.
You worshipped Zin.
Zin was exalted by your worship.
You were not hungry.

You visited 13 branches of the dungeon, and saw 62 of its levels.
You visited the Abyss 2 times.
You visited 1 bazaar.
You also visited: Volcano.

You collected 11270 gold pieces.
You spent 3255 gold pieces at shops.
You donated 3986 gold pieces to Zin.

Inventory:

Hand weapons
 a - a +9 short sword of protection (weapon)
 b - the +4 short sword of Awukywk {freeze, rPois}
   (You bought it in a shop on level 4 of the Vaults)

   It has been specially enchanted to freeze those struck by it, causing extra
   injury to most foes and up to half again as much damage against particularly
   susceptible opponents.
   It can also slow down cold-blooded creatures.
   It protects you from poison.
 h - a +9 eudemon blade of holy wrath
 m - the +7 mace of Tytehot {crush, rF+ MR+ MP+9}
   (You found it on level 3 of the Depths)

   It inflicts extra damage upon your enemies.
   It protects you from fire.
   It affects your resistance to hostile enchantments.
   It affects your magic capacity (+9).
Armour
 u - a +2 pair of gloves (worn)
 x - the +2 cloak of Starlight (worn) {rElec rC+ EV+4 Stlth--}
   (You found it on level 3 of the Depths)

   It affects your evasion (+4).
   It protects you from cold.
   It insulates you from electricity.
   It makes you much less stealthy.
 y - the +0 robe of Ylufycso (worn) {rN+ Str+4 SInv Stlth+}
   (You found it on level 2 of the Spider Nest)

   It affects your strength (+4).
   It protects you from negative energy.
   It enhances your eyesight.
   It makes you more stealthy.
 D - a +2 hat of magic resistance (worn)
 E - a +2 pair of boots of stealth
 K - the +1 pair of boots of the Gate (worn) {rF+ rN+ Regen+ Dex-5}
   (You found it on level 3 of the Tomb of the Ancients)

   It affects your dexterity (-5).
   It protects you from fire.
   It protects you from negative energy.
   It increases your rate of regeneration.
 Z - the +2 buckler "Rein" (worn) {rCorr}
   (You acquired it on level 3 of the Depths)

   It protects you from acid and corrosion.
Rods
 J - a +5 rod of ignition (14/14)
   (You found it on level 3 of the Tomb of the Ancients)
Jewellery
 q - a cursed amulet of stasis
 s - the ring of Robustness (right hand) {AC+8}
   (You found it on level 5 of the Shoals)

   [ring of protection]

   It affects your AC (+8).
 v - a +5 ring of evasion (left hand)
 w - the amulet of the Ancients {Gourm +Inv rElec rC+ Dex-3}
   (You found it on level 5 of the Shoals)

   [amulet of the gourmand]

   It allows you to eat raw meat even when not hungry.
   It affects your dexterity (-3).
   It protects you from cold.
   It insulates you from electricity.
   It lets you turn invisible.
 B - an uncursed amulet of clarity
 M - an uncursed ring of protection from fire
 S - an amulet of regeneration (around neck)
 X - an uncursed amulet of resist mutation
Magical devices
 i - a wand of fire (8)
 k - a wand of cold (6)
 t - a wand of digging (6)
 H - a wand of teleportation (5)
 W - a wand of teleportation (1)
 Y - a wand of heal wounds (4)
Scrolls
 c - 3 scrolls of blinking
 f - 9 scrolls of recharging
 r - 14 scrolls of remove curse
 A - 8 scrolls of magic mapping
 F - 8 scrolls of identify
 G - a scroll of summoning
 T - 7 scrolls of fear
Potions
 d - 5 potions of heal wounds
 g - 7 potions of magic
 j - 9 potions of curing
 n - 3 potions of agility
 o - 5 potions of restore abilities
 z - a potion of cancellation
 C - 3 potions of haste
Miscellaneous
 N - a phantom mirror
 O - a sack of spiders
 Q - a stone of tremors
 R - a phial of floods
Comestibles
 l - 5 chunks of flesh
 U - 29 fruits


   Skills:
 + Level 7.2 Fighting
 + Level 10.3(10.4) Short Blades
 + Level 2.7(6.6) Long Blades
 - Level 0.5 Maces & Flails
 + Level 3.7 Throwing
 + Level 1.9 Armour
 + Level 18.7 Dodging
 + Level 15.7 Stealth
 + Level 9.2 Shields
 O Level 27 Spellcasting
 + Level 20.9 Conjurations
 + Level 11.1 Charms
 + Level 7.9 Summonings
   Level 17.3 Necromancy
 + Level 11.0 Translocations
   Level 3.4 Transmutations
 + Level 7.9 Fire Magic
 + Level 7.5 Ice Magic
 + Level 21.1 Air Magic
 + Level 3.1 Earth Magic
   Level 9.0 Poison Magic
 * Level 13.3 Invocations
 + Level 6.4 Evocations


You had 3 spell levels left.
You knew the following spells:

 Your Spells              Type           Power        Failure   Level  Hunger
a - Force Lance           Conj/Tloc      #######.     0%          4    None
b - Airstrike             Air            ########..   0%          4    None
c - Sticky Flame          Conj/Fire      #######.     1%          4    None
d - Iskenderun's Mystic   Conj           #######.     0%          4    None
e - Summon Lightning Spi  Summ/Air       #######.     1%          4    None
f - Deflect Missiles      Chrm/Air       #######...   1%          6    None
g - Shroud of Golubria    Chrm/Tloc      #######...   0%          2    None
h - Blink                 Tloc           N/A          0%          2    None
i - Swiftness             Chrm/Air       #######.     0%          2    None
j - Freezing Cloud        Conj/Ice/Air   #######...   1%          6    None
k - Apportation           Tloc           #######...   0%          1    None
l - Bolt of Magma         Conj/Fire/Erth #######...   1%          5    None
m - Control Teleport      Chrm/Tloc      #######...   1%          4    None
n - Iskenderun's Battles  Conj/Chrm      #######.     1%          5    None
o - Ozocubu's Armour      Chrm/Ice       ######..     1%          3    None
p - Spellforged Servitor  Conj/Summ      #######...   1%          7    None
q - Fireball              Conj/Fire      #######...   1%          5    None
r - Bolt of Fire          Conj/Fire      #######...   1%          6    None
F - Flight                Chrm/Air       #######...   0%          3    None


Dungeon Overview and Level Annotations

Branches:
Dungeon (15/15)            Temple (1/1) D:4            Lair (8/8) D:10
 Shoals (5/5) Lair:5       Spider (5/5) Lair:5        Slime (4/6) Lair:7
    Orc (4/4) D:11            Elf (3/3) Orc:4        Vaults (5/5) D:13
  Crypt (3/3) Vaults:2       Tomb (3/3) Crypt:3      Depths (5/5) D:15
    Zot (1/5) Depths:5

Altars:
Ashenzari
Cheibriados
Dithmenos
Elyvilon
Fedhas
Kikubaaqudgha
Nemelex Xobeh
Okawaru
Sif Muna
Trog
Vehumet
Xom
Yredelemnul
Zin
The Shining One

Shops:
D:5 %   D:7 =   D:14 *   Orc:4 :(?**   Elf:1 !   Vaults:2 }   Vaults:3 (
Vaults:4 (   Vaults:5 *

Portals:
Hell: Depths:1 Depths:2 Depths:3 Depths:4 Depths:5
Abyss: Depths:3 Depths:4
Pandemonium: Orc:4 Depths:3 Depths:4
Ziggurat: Depths:2

Annotations:
Slime:2 Dissolution
Slime:3 exclusion: shining eye
Depths:2 exclusions: 2 shining eyes and 1 more exclusion


Innate Abilities, Weirdness & Mutations

You are partially covered in iridescent scales (AC +4).
Your magical capacity is low (-10% MP).
You passively map a small area around you.


Message History

The lich casts a spell.
The lich casts a spell.
The thrashing horror tramples you but does no damage.
The thrashing horror completely misses you.
You block the thrashing horror's attack.
The thrashing horror barely misses you. The thrashing horror tramples you!
You hold your ground!
The thrashing horror tramples you.
* * * LOW HITPOINT WARNING * * *
You hold your ground!
The lich casts a spell.
The soul eater is engulfed in roaring flames.
The raiju bursts into living lightning!
The living lightning hits the flying skull.
The flying skull resists.
The living lightning misses you. The living lightning hits you! You resist.
* * * LOW HITPOINT WARNING * * *
The raiju blinks! x3
A large abomination comes into view.
Are you sure you want to abandon this character and quit the game? (Confirm with "yes".)

## ##...#.# .. # ##.##
#.....#...# . . #.
#...#.# ...###X# ..#
#.#...# ##X..##..# . .
#.##..#.#XzX.X§#z.. .#
#.L......#.#X§3.X..#.
##....2#.#xh§...#....#
#...#..X#zRhX.#.......
.#. ####@.#..§#.#....
#X####.#h.... . ##
####X..#*. #...# ...#
#.h


You could see 4 starcursed masses, a lich, a blizzard demon, a soul eater, an
ancient zyme, 2 thrashing horrors, a large abomination, an efreet, 2 raiju and 3
flying skulls.

Vanquished Creatures
  Mara (Vaults:4)
  6 ancient liches
  20 greater mummies
  A shard shrike (Depths:4)
  Norris (Spider:4)
  A caustic shrike (Depths:2)
  4 golden dragons
  Xtahua (Vaults:2)
  A bone dragon (Crypt:3)
  Rupert (Lair:8)
  The ghost of xeno23 the Intangible, a mighty FeBe of Trog (Vaults:4)
  3 tentacled monstrosities
  4 titans (Vaults:5)
  6 liches
  2 deep elf blademasters (Elf:3)
  A deep elf master archer (Elf:3)
  5 acid blobs
  2 quicksilver dragons (Depths:4)
  Gastronok (D:12)
  8 sphinxes
  6 ancient champions
  9 tengu reavers
  5 tentacled starspawn
  2 draconian monks (Depths:5)
  4 storm dragons
  An azure jelly (Slime:3)
  3 shadow dragons
  Ilsuiw (Shoals:5)
  6 fire giants
  4 revenants
  2 iron dragons
  11 frost giants
  A draconian scorcher (Zot:1)
  4 ghost moths
  3 deep elf sorcerers
  15 vault wardens
  4 emperor scorpions
  2 curse skulls
  2 balrugs
  6 ghouls
  3 spriggan defenders
  7 reapers
  5 war gargoyles
  10 ironheart preservers
  21 stone giants
  14 very ugly things
  A green draconian (Zot:1)
  4 black draconians
  A purple draconian (Zot:1)
  A salamander firebrand (Depths:4)
  2 bennus (Tomb:2)
  8 vampire knights
  3 deep elf demonologists
  A red draconian (Zot:1)
  6 deep elf annihilators
  7 eidola
  4 merfolk javelineers
  3 crystal guardians (Crypt:3)
  Snorg (D:11)
  11 jiangshi
  5 merfolk impalers
  9 deep elf death magi
  2 blizzard demons
  A green death (Depths:3)
  7 deep elf high priests
  9 ettins
  59 slime creatures
  8 ogre magi
  24 vault guards
  29 mummy priests
  10 great orbs of eyes
  10 yaktaur captains
  8 rakshasas
  6 entropy weavers
  10 fire dragons
  The ghost of MordorOrchid the Grappler, an experienced TrMo of Qazlal (D:9)
  A death cob (Zot:1)
  10 ice dragons
  Harold (D:11)
  5 spriggan air magi
  4 death knights
  The ghost of RobertPalmer the Carver, a powerful DrFi of Ru (D:11)
  A ghost crab (shapeshifter) (Vaults:5)
  2 hydras
  A merfolk avatar (Shoals:2)
  2 alligator snapping turtles
  2 satyrs
  2 catoblepae
  6 centaur warriors
  A salamander stormcaller (Vaults:5)
  8 deep troll shamans
  22 dancing weapons
  4 merfolk aquamancers
  7 death yaks
  8 soul eaters
  2 tengu warriors
  6 thrashing horrors
  5 spriggan berserkers
  6 deep troll earth magi
  A titan zombie (Crypt:3)
  4 vampire magi
  7 orc high priests
  7 sun demons
  Nergalle (Orc:2)
  A fire crab (Lair:7)
  9 wretched stars
  5 wizards
  5 ice devils
  A salamander mystic (Depths:5)
  A shadow wraith (Vaults:4)
  47 skeletal warriors
  A titan skeleton (Vaults:5)
  25 deep elf knights
  2 hell knights (Crypt:3)
  A sea snake (shapeshifter) (Elf:2)
  3 iron trolls
  A golden dragon zombie (Vaults:5)
  A giant orange brain (shapeshifter) (Depths:5)
  15 ironbrand convokers
  2 spatial maelstroms
  45 death scarabs
  2 storm dragon skeletons
  20 deep trolls
  10 starcursed masses
  4 flayed ghosts
  3 gelid demonspawn
  4 sea snakes
  A quicksilver dragon simulacrum (Depths:4)
  A death drake (shapeshifter) (Depths:2)
  An anaconda zombie (Tomb:1)
  An unseen horror (shapeshifter) (Abyss:5)
  The ghost of Lokkij the Martial Artist, an experienced DsTm of Ru (Volcano)
  A golden dragon skeleton (Crypt:3)
  8 harpies
  10 deep elf summoners
  An unseen horror (Vaults:1)
  An ice statue (Depths:4)
  6 necromancers
  12 orc knights
  Pikel (D:5)
  7 hill giants
  4 giant orange brains
  16 anubis guards
  15 wolf spiders
  A harpy (shapeshifter) (Elf:3)
  19 orb spiders
  A wolf spider zombie (Crypt:2)
  A mana viper (Tomb:1)
  9 orc sorcerers
  9 phantasmal warriors
  8 hornets
  22 deep elf conjurers
  A faun (shapeshifter) (Vaults:5)
  A draconian (shapeshifter) (Elf:2)
  2 shining eyes
  2 fire giant zombies
  11 griffons
  3 fauns
  21 ugly things
  9 manticores
  2 moths of wrath (Zot:1)
  A moth of wrath (shapeshifter) (Depths:2)
  3 frost giant zombies
  A stone giant zombie (Crypt:3)
  5 salamanders (Depths:5)
  A shadow dragon skeleton (Crypt:2)
  The ghost of Hanyuu the Insei, an experienced OpTm (D:5)
  2 worldbinders
  21 elephants
  2 water nymphs
  A black mamba (Lair:8)
  Maurice (D:12)
  9 sirens
  A cyclops (Shoals:4)
  4 rust devils
  Joseph (D:7)
  An apocalypse crab (Abyss:2)
  3 centaur zombies
  A fire giant skeleton (Tomb:1)
  A titan simulacrum (Depths:4)
  8 smoke demons
  11 vault sentinels
  27 large abominations
  A spiny frog (shapeshifter) (Vaults:2)
  A frost giant skeleton (Crypt:3)
  Psyche (D:12)
  A torpor snail (Lair:8)
  A gargoyle (D:10)
  5 kobold demonologists
  54 yaktaurs
  A green draconian zombie (Crypt:2)
  A pale draconian zombie (Crypt:2)
  2 orange demons
  15 spiny frogs
  An emperor scorpion zombie (Tomb:1)
  An efreet (Depths:4)
  5 demonic crawlers
  A fire drake (Lair:8)
  8 komodo dragons
  4 ancient zymes
  A golden dragon simulacrum (Depths:4)
  6 hellwings
  A mottled draconian skeleton (Crypt:1)
  A hydra zombie (Crypt:3)
  19 jumping spiders
  4 red devils
  36 guardian mummies
  A catoblepas skeleton (Crypt:3)
  5 blue devils
  3 wandering mushrooms
  An anaconda simulacrum (Tomb:1)
  12 deep elf priests
  22 raiju
  19 merfolk
  A tengu conjurer (D:15)
  13 blink frogs
  3 polar bears
  A polar bear (shapeshifter) (Depths:3)
  A fire vortex (Vaults:5)
  A harpy zombie (Tomb:3)
  A wind drake (Shoals:4)
  Grinder (D:5)
  Prince Ribbit (D:7)
  A tengu simulacrum (Depths:4)
  5 trolls
  An ice dragon zombie (Crypt:3)
  22 two-headed ogres
  A trapdoor spider zombie (D:8)
  7 boulder beetles
  13 ushabtiu
  18 freezing wraiths
  12 trapdoor spiders
  4 ravens
  A fire dragon zombie (Crypt:3)
  7 snapping turtles
  A raven (shapeshifter) (Vaults:4)
  2 ettin zombies
  46 flying skulls
  14 shadows
  A stone giant simulacrum (Crypt:2)
  29 deep elf magi
  An alligator skeleton (Crypt:3)
  11 golden eyes
  4 air elementals
  9 tarantellas
  14 wraiths
  16 water elementals
  A wyvern (Lair:2)
  38 redbacks
  6 fire bats
  5 ynoxinuls
  50 deep elf fighters
  3 vampires
  A giant leech zombie (Crypt:1)
  15 hippogriffs
  5 hogs (D:12)
  4 hungry ghosts
  A human simulacrum (Vaults:1)
  2 basilisks
  14 neqoxecs
  A spriggan (Depths:4)
  2 mottled dragons
  12 vampire mosquitoes
  A yak (shapeshifter) (Elf:3)
  A hog (shapeshifter) (Depths:4)
  10 humans
  25 wolves
  2 hippogriffs (shapeshifter)
  55 yaks
  5 wargs
  5 chaos spawn
  Menkaure (D:7)
  4 spatial vortices
  A steam dragon (D:9)
  7 soldier ants
  11 water moccasins
  A spiny frog zombie (Tomb:2)
  4 hell hounds
  A warg (shapeshifter) (Vaults:2)
  Duvessa (D:5)
  4 sky beasts
  13 spiders
  17 porcupines
  35 orc warriors
  An eye of draining (shapeshifter) (Depths:1)
  4 boggarts
  4 phantoms
  A black bear (shapeshifter) (Vaults:4)
  13 ice beasts
  A crocodile (shapeshifter) (Abyss:4)
  4 slaves (D:5)
  3 necrophages
  35 ogres
  3 big kobolds
  A blink frog skeleton (Crypt:1)
  9 eyes of draining
  A swamp dragon skeleton (Abyss:5)
  A wasp (Depths:4)
  14 centaurs
  15 crocodiles
  2 boring beetles (Lair:8)
  Blork the orc (D:6)
  A brain worm (Abyss:5)
  4 lost souls
  8 lightning spires
  The ghost of trelanon the Ruffian, an average VSTm of Makhleb (D:3)
  13 giant frogs
  A glowing shapeshifter simulacrum (Vaults:2)
  A cyclops skeleton (Crypt:1)
  4 scorpions
  Dowan (D:5)
  15 wights
  2 oklob saplings (D:10)
  18 small abominations
  3 electric eels
  8 crimson imps
  10 jellies
  A gnoll shaman (D:5)
  A human zombie (Crypt:1)
  6 quasits
  3 giant frog zombies
  A soldier ant zombie (Crypt:2)
  Crazy Yiuf (D:5)
  7 hounds
  An iron imp (Depths:3)
  36 orc priests
  A black bear skeleton (Crypt:1)
  A human skeleton (Crypt:1)
  6 centaur skeletons
  25 orc wizards
  18 worker ants
  9 iguanas
  6 hell rats
  A porcupine zombie (Crypt:1)
  A killer bee zombie (D:5)
  16 sheep
  An ogre zombie (Crypt:2)
  A wasp simulacrum (D:11)
  A hound skeleton (D:11)
  65 mummies
  9 adders
  5 gnolls
  70 river rats
  A steam dragon skeleton (Crypt:1)
  A steam dragon zombie (Crypt:2)
  5 shadow imps
  A white imp (Abyss:5)
  A goliath beetle zombie (Crypt:1)
  An ufetubus (D:11)
  2 giant eyeballs (Depths:2)
  9 oozes
  An adder zombie (D:10)
  2 adder skeletons
  A worm (D:2)
  6 giant geckos
  173 orcs
  A bat skeleton (D:5)
  9 giant cockroaches
  22 hobgoblins
  2 jackals (D:1)
  22 kobolds
  8 quokkas
  A ball python (D:6)
  18 bats
  6 giant newts
  A giant spore (D:10)
  26 goblins
  A goblin skeleton (Crypt:2)
  A kobold zombie (Crypt:3)
  4 lurking horrors
  2 quokka zombies
  20 rats
  A ballistomycete (D:10)
  A butterfly (Lair:8)
  A crawling corpse (Elf:3)
  4 fungi
  A pillar of salt (Abyss:2)
  3 plants
2838 creatures vanquished.

Vanquished Creatures (collateral kills)
  3 ancient liches
  Mara (Vaults:4)
  Mennas (Crypt:3)
  4 greater mummies (Tomb:1)
  Frederick (Vaults:4)
  2 golden dragons
  A profane servitor (Abyss:2)
  A bone dragon (Abyss:3)
  Jorgrun (Depths:4)
  3 tentacled monstrosities
  A deep elf master archer (Elf:3)
  3 titans
  A deep elf blademaster (Depths:4)
  2 quicksilver dragons
  4 sphinxes
  An octopode crusher (Shoals:3)
  An ancient champion (Tomb:3)
  Kirke (D:12)
  A shadow dragon (Vaults:4)
  A revenant (Tomb:1)
  An azure jelly (Slime:3)
  Wiglaf (Depths:2)
  3 tengu reavers (Vaults:5)
  5 fire giants
  3 storm dragons
  2 deep elf sorcerers
  8 frost giants
  9 vault wardens
  2 iron dragons (Depths:3)
  5 emperor scorpions
  5 reapers
  A war gargoyle (Vaults:5)
  A draconian shifter (Depths:5)
  15 stone giants
  A ghoul (Crypt:2)
  7 ironheart preservers
  12 very ugly things
  2 bennus (Tomb:2)
  A deep elf demonologist (Elf:3)
  6 deep elf annihilators
  2 purple draconians (Depths:5)
  A vampire knight (Crypt:3)
  A yellow draconian (Depths:5)
  7 ettins
  9 vault guards
  2 deep elf death magi (Elf:3)
  3 fire dragons
  8 yaktaur captains
  A mummy priest (Tomb:1)
  4 merfolk javelineers
  4 merfolk impalers
  A spellforged servitor (Tomb:1)
  Josephine (Spider:1)
  5 jiangshi
  A deep elf high priest (Vaults:5)
  4 great orbs of eyes
  6 rakshasas
  8 ogre magi
  An entropy weaver (Spider:4)
  2 ice dragons
  A spriggan air mage (Depths:5)
  5 centaur warriors
  A hydra (Lair:8)
  3 merfolk aquamancers
  A death knight (Vaults:2)
  9 deep troll shamans
  A death yak (Lair:8)
  5 deep troll earth magi
  A vampire mage (Depths:4)
  A salamander stormcaller (Vaults:5)
  3 spriggan berserkers
  2 tengu warriors
  4 orc high priests
  2 soul eaters (Depths:4)
  2 spriggans (Depths:4)
  6 iron trolls
  2 fire crabs
  2 sea snakes
  17 deep trolls
  A salamander mystic (Depths:5)
  2 deep elf knights
  6 hell knights
  13 skeletal warriors
  An ice devil (Orc:4)
  24 death scarabs
  A flayed ghost (Crypt:1)
  A hill giant (D:12)
  2 deep elf summoners (Elf:1)
  5 harpies
  2 orb spiders
  A wizard (Vaults:2)
  18 orc knights
  5 ironbrand convokers
  A shadow dragon skeleton (Crypt:3)
  5 necromancers
  A frost giant zombie (Tomb:2)
  A manticore (Shoals:2)
  A water nymph (Shoals:2)
  21 ugly things
  5 deep elf conjurers
  An orc sorcerer (Orc:4)
  12 fauns
  20 wolf spiders
  A phantasmal warrior (Tomb:2)
  3 hornets
  4 cyclopes
  2 griffons
  17 elephants
  5 anubis guards (Tomb:1)
  A black mamba (Lair:5)
  3 mana vipers
  5 rust devils (Depths:4)
  A spectral fire dragon (Tomb:1)
  A moth of wrath (Spider:5)
  5 vault sentinels
  A queen ant (Spider:1)
  A sixfirhy (Tomb:1)
  A siren (Shoals:3)
  2 spiny frogs
  A centaur skeleton (D:12)
  5 demonic crawlers
  2 komodo dragons (Lair:2)
  3 fire drakes
  A small abomination (Abyss:2)
  A yaktaur (shapeshifter) (Vaults:2)
  An efreet (D:12)
  32 yaktaurs
  A tengu conjurer (D:14)
  2 deep elf priests (Elf:3)
  3 guardian mummies
  3 red devils
  17 jumping spiders
  A hellwing (Depths:3)
  9 two-headed ogres
  A wandering mushroom (D:10)
  15 merfolk
  2 blue devils
  4 trolls
  3 raiju (Abyss:5)
  9 blink frogs
  3 freezing wraiths
  3 ravens
  2 boulder beetles
  14 slime creatures
  An ettin zombie (Crypt:3)
  A wind drake (Shoals:5)
  4 ushabtiu
  A blink frog (shapeshifter) (Vaults:4)
  7 snapping turtles
  A redback (shapeshifter) (Depths:2)
  6 humans (D:13)
  20 flying skulls
  5 water elementals
  3 hungry ghosts
  5 deep elf magi
  A ynoxinul (Tomb:1)
  A yak (shapeshifter) (Depths:3)
  5 shadows
  A tarantella (shapeshifter) (Vaults:2)
  20 deep elf fighters
  31 redbacks
  11 tarantellas
  10 trapdoor spiders
  A fire bat (Depths:2)
  A hog (D:12)
  8 air elementals
  17 yaks
  A warg (Vaults:1)
  2 large abominations (Tomb:3)
  A hippogriff (Lair:6)
  A wraith (Tomb:1)
  2 vampire mosquitoes (Vaults:3)
  5 wolves
  A soldier ant (shapeshifter) (Depths:2)
  32 orc warriors
  A porcupine (Lair:7)
  3 water moccasins
  22 spiders
  15 soldier ants (Spider:1)
  5 ice beasts
  3 starcursed masses (Abyss:5)
  5 centaurs
  2 wasps (Depths:4)
  21 ogres
  A boring beetle (Spider:2)
  2 crocodiles
  A necrophage (Crypt:3)
  A lost soul (Crypt:3)
  A fire drake zombie (Crypt:1)
  3 big kobolds
  A giant frog (D:13)
  A vine stalker zombie (Crypt:2)
  A yaktaur skeleton (Crypt:1)
  A scorpion (Spider:4)
  4 wights
  15 orc priests
  A hound (D:13)
  11 orc wizards
  7 worker ants
  4 iguanas
  3 human skeletons (Crypt:1)
  4 hell rats
  7 sheep
  15 mummies
  An adder (D:10)
  24 river rats
  69 orcs
  3 goblins (Orc:2)
  5 hobgoblins
  5 kobolds
  A fungus (Elf:2)
  5 plants
  A tentacle (Shoals:2)
1085 creatures vanquished.

Vanquished Creatures (others)
  An eldritch tentacle (Depths:3)
  An ancient champion (Tomb:2)
  A storm dragon (Depths:4)
  A shadow dragon (Vaults:5)
  An ironheart preserver (Vaults:1)
  2 bennus (Tomb:2)
  A rakshasa (Depths:2)
  An ettin (Vaults:5)
  A deep elf high priest (Depths:4)
  12 spellforged servitors
  A dancing weapon (Crypt:3)
  A thrashing horror (Abyss:5)
  A large abomination (Abyss:2)
  2 skeletal warriors
  A titan skeleton (Tomb:2)
  An anaconda zombie (Tomb:2)
  2 ball lightnings (Tomb:1)
  16 death scarabs (Tomb:3)
  An anubis guard (Tomb:2)
  A shadow dragon skeleton (Vaults:5)
  A wolf spider (Vaults:1)
  A stone giant zombie (Tomb:2)
  2 stone giant skeletons (Tomb:2)
  A shock serpent zombie (Tomb:2)
  A yaktaur (Vaults:5)
  6 water elementals
  2 guardian mummies (Tomb:2)
  2 fire elementals
  2 trapdoor spiders
  A raiju (Abyss:5)
  2 small abominations
  A ynoxinul (Abyss:2)
  7 flying skulls (Tomb:2)
  A tarantella (Spider:3)
  A redback (Spider:3)
  A fire dragon skeleton (Tomb:2)
  A deep elf fighter (Elf:1)
  A neqoxec (Abyss:3)
  A black mamba skeleton (Tomb:1)
  A mottled dragon (Vaults:1)
  A soldier ant (Spider:1)
  A warg (Vaults:5)
  A spider (Elf:3)
  2 ogres
  A crocodile (Lair:6)
  5 lost souls
  55 lightning spires
  A swamp dragon simulacrum (Tomb:3)
  A manticore simulacrum (Tomb:2)
  3 killer bees (D:12)
  An orc priest (D:12)
  A centaur skeleton (Tomb:3)
  A worker ant (Spider:1)
  12 mummies
  2 ufetubi (Abyss:2)
  2 orcs (Orc:1)
  A giant spore (D:13)
  2 lurking horrors (Abyss:5)
  A ballistomycete (D:13)
  A crawling corpse (Elf:3)
  84 eldritch tentacle segments (Depths:3)
  16 fungi
  8 pillars of salt
  15 plants
  41 starspawn tentacles
  531 starspawn tentacle segments
  8 tentacles (Shoals:2)
  777 tentacle segments (Shoals:2)
1660 creatures vanquished.

Grand Total: 5583 creatures vanquished

Notes
Turn   | Place    | Note
--------------------------------------------------------------
     0 | D:1      | nubinia, the Deep Elf Venom Mage, began the quest for the Orb.
     0 | D:1      | Reached XP level 1. HP: 10/10 MP: 6/6
   515 | D:1      | Reached XP level 2. HP: 7/15 MP: 2/8
   697 | D:1      | Learned a level 2 spell: Cure Poison
   926 | D:1      | Reached skill level 5 in Poison Magic
  1423 | D:1      | Reached XP level 3. HP: 15/19 MP: 8/10
  1845 | D:1      | Learned a level 3 spell: Mephitic Cloud
  2119 | D:2      | Reached skill level 1 in Conjurations
  2429 | D:2      | Reached skill level 1 in Air Magic
  2429 | D:2      | Reached XP level 4. HP: 16/24 MP: 6/11
  2939 | D:3      | Noticed trelanon's ghost (average VSTm)
  3290 | D:2      | Reached XP level 5. HP: 22/28 MP: 8/12
  3634 | D:3      | Found an iron altar of Okawaru.
  3752 | D:3      | Noticed a centaur
  3758 | D:3      | Killed a centaur
  4330 | D:4      | Noticed an orc warrior
  4492 | D:4      | Noticed an ogre
  4502 | D:4      | Reached XP level 6. HP: 33/33 MP: 7/15
  4567 | D:4      | Reached skill level 5 in Spellcasting
  4646 | D:4      | Killed an ogre
  4646 | D:4      | Reached skill level 6 in Poison Magic
  4738 | D:4      | Found a staircase to the Ecumenical Temple.
  4748 | Temple   | Entered the Ecumenical Temple
  4760 | Temple   | Became a worshipper of Sif Muna the Loreminder
  4782 | D:4      | Noticed an ogre
  4793 | D:4      | Killed an ogre
  5032 | D:5      | Entered Level 5 of the Dungeon
  5047 | D:5      | Noticed Dowan
  5059 | D:5      | Killed Dowan
  5059 | D:5      | Reached XP level 7. HP: 37/37 MP: 10/18
  5116 | D:5      | Found a glowing silver altar of Zin.
  5129 | D:5      | Noticed Hanyuu's ghost (experienced OpTm)
  5205 | D:5      | Noticed Duvessa
  5256 | D:5      | Killed Duvessa
  5341 | D:5      | Found Juynwog's Food Shoppe.
  5471 | D:5      | Noticed Grinder
  5482 | D:5      | Acquired Sif Muna's first power
  5994 | D:5      | Noticed Crazy Yiuf
  6004 | D:5      | Killed Crazy Yiuf
  6463 | D:5      | Noticed Pikel
  6479 | D:5      | Killed Pikel
  6479 | D:5      | Acquired Sif Muna's second power
  6479 | D:5      | Reached skill level 8 in Spellcasting
  6479 | D:5      | Reached skill level 5 in Conjurations
  6479 | D:5      | Reached XP level 8. HP: 42/42 MP: 2/22
  7026 | D:7      | Noticed Menkaure
  7300 | D:6      | Noticed Blork the orc
  7531 | D:7      | Reached skill level 9 in Spellcasting
  7618 | D:7      | Found a basalt altar of Yredelemnul.
  7672 | D:7      | Noticed Joseph
  7687 | D:7      | Killed Joseph
  7804 | D:7      | Noticed Prince Ribbit
  7817 | D:7      | Killed Prince Ribbit
  7817 | D:7      | Reached skill level 1 in Invocations
  7817 | D:7      | Reached XP level 9. HP: 46/46 MP: 18/24
  7818 | D:7      | Reached skill level 10 in Spellcasting
  7835 | D:7      | Found Naelel's Jewellery Shop.
  7840 | D:7      | Bought a +3 ring of protection for 336 gold pieces
  8441 | D:7      | Acquired Sif Muna's third power
  8441 | D:7      | Reached skill level 5 in Stealth
  8441 | D:7      | Reached skill level 12 in Spellcasting
  8441 | D:7      | Reached XP level 10. HP: 51/55 MP: 25/28
  8540 | D:8      | Found a blossoming altar of Fedhas.
  8802 | D:8      | Found Heisaeti's Food Boutique.
  8980 | D:8      | Noticed a centaur zombie
  9003 | D:8      | Killed a centaur zombie
  9698 | D:9      | Noticed MordorOrchid's ghost (experienced TrMo)
  9762 | D:9      | Received a gift from Sif Muna
  9762 | D:9      | Reached skill level 13 in Spellcasting
  9762 | D:9      | Reached XP level 11. HP: 51/60 MP: 28/30
  9766 | D:9      | Learned a level 1 spell: Apportation
  9769 | D:9      | Learned a level 2 spell: Shroud of Golubria
 10016 | D:10     | Entered Level 10 of the Dungeon
 10338 | D:9      | Learned a level 1 spell: Animate Skeleton
 10407 | D:8      | Reached skill level 1 in Charms
 10522 | D:8      | Reached skill level 1 in Necromancy
 10523 | D:8      | Upgraded the game from 0.17-a0-776-gd86b262 to 0.17-a0-777-g32247ce
 10737 | D:10     | Found a staircase to the Lair.
 10748 | Lair:1   | Entered Level 1 of the Lair of Beasts
 11224 | Lair:1   | Learned a level 4 spell: Olgreb's Toxic Radiance
 11229 | Lair:1   | Learned a level 4 spell: Control Undead
 11533 | Lair:1   | Learned a level 2 spell: Blink
 12360 | Lair:2   | Learned a level 3 spell: Vampiric Draining
 12364 | Lair:2   | Learned a level 3 spell: Regeneration
 12369 | Lair:2   | Learned a level 4 spell: Animate Dead
 12576 | Lair:2   | Reached XP level 12. HP: 56/66 MP: 7/31
 12655 | Lair:2   | Reached skill level 1 in Translocations
 12730 | Lair:2   | Reached skill level 5 in Necromancy
 12734 | Lair:2   | Reached skill level 14 in Spellcasting
 12755 | Lair:2   | Received a gift from Sif Muna
 12756 | Lair:2   | Identified Wianeak's Reference Book on Lightness (Sif Muna gifted it to you on level 2 of the Lair of Beasts)
 12764 | Lair:2   | Learned a level 4 spell: Airstrike
 13515 | Lair:3   | Reached skill level 10 in Conjurations
 14496 | Lair:4   | Reached skill level 15 in Spellcasting
 14605 | Lair:4   | Reached skill level 1 in Short Blades
 15125 | Lair:5   | Found a staircase to the Shoals.
 15198 | Lair:5   | Noticed an eight-headed hydra
 15214 | Lair:5   | Killed an eight-headed hydra
 15264 | Lair:5   | Found a hole to the Spider Nest.
 15870 | Lair:5   | Reached XP level 13. HP: 47/70 MP: 18/34
 16037 | Lair:6   | Noticed a four-headed hydra
 16043 | Lair:6   | Killed a four-headed hydra
 16164 | Lair:6   | Received a gift from Sif Muna
 16165 | Lair:6   | Identified Garuxt's Collected Works on Destructive Feathers (Sif Muna gifted it to you on level 6 of the Lair of Beasts)
 16171 | Lair:6   | Learned a level 4 spell: Summon Lightning Spire
 16288 | Lair:6   | Learned a level 2 spell: Swiftness
 16292 | Lair:6   | Learned a level 3 spell: Portal Projectile
 17223 | Lair:6   | Reached skill level 16 in Spellcasting
 17527 | Lair:7   | Found a staircase to the Slime Pits.
 17838 | Lair:7   | Found a white marble altar of Elyvilon.
 18500 | Lair:7   | Reached skill level 5 in Translocations
 18903 | Lair:8   | Entered Level 8 of the Lair of Beasts
 18992 | Lair:8   | Learned a level 4 spell: Force Lance
 19092 | Lair:8   | Noticed Rupert
 19112 | Lair:8   | Killed Rupert
 19409 | Lair:8   | Received a gift from Sif Muna
 19437 | Lair:8   | Identified Sif Muna's Almanac of the Dark Glacier (Sif Muna gifted it to you on level 8 of the Lair of Beasts)
 19591 | Lair:8   | Reached skill level 5 in Invocations
 19631 | Lair:8   | Reached XP level 14. HP: 76/76 MP: 33/36
 19671 | Lair:8   | Reached skill level 17 in Spellcasting
 20237 | Lair:8   | Reached skill level 1 in Shields
 21266 | D:10     | Found a blossoming altar of Fedhas.
 22091 | D:9      | Killed MordorOrchid's ghost
 22492 | D:7      | Killed Menkaure
 22879 | D:6      | Found a glowing golden altar of the Shining One.
 23276 | D:5      | Killed Grinder
 23285 | D:5      | Killed Hanyuu's ghost
 23395 | D:12     | Noticed Gastronok
 23395 | D:12     | Noticed Psyche
 23535 | D:12     | Found a flickering gateway to a bazaar.
 23552 | Bazaar   | Entered a bazaar
 23552 | Bazaar   | Found Jeetan's Antique Armour Shop.
 23552 | Bazaar   | Found Homowysi's Distillery.
 23594 | Bazaar   | Found Fefin's Antique Weapon Shop.
 23617 | Bazaar   | Bought a potion of cure mutation for 665 gold pieces
 23629 | Bazaar   | Bought a glowing leather armour for 38 gold pieces
 23720 | D:12     | Killed Gastronok
 23720 | D:12     | Reached skill level 1 in Throwing
 23741 | D:12     | Killed Psyche
 23792 | D:12     | Your ally Gastronok died
 24359 | D:12     | Reached skill level 1 in Summonings
 24527 | D:12     | Noticed Maurice
 24536 | D:12     | Killed Maurice
 24671 | D:12     | Your ally Maurice died
 24708 | D:12     | Noticed Kirke
 24927 | D:12     | Killed Kirke
 25184 | D:11     | Found a staircase to the Orcish Mines.
 25219 | D:11     | Noticed RobertPalmer's ghost (powerful DrFi)
 25226 | D:11     | Killed RobertPalmer's ghost
 25425 | D:11     | Noticed Snorg
 25444 | D:11     | Killed Snorg
 25444 | D:11     | Reached skill level 18 in Spellcasting
 25585 | D:11     | Got a crude falchion
 25586 | D:11     | Identified the +7 falchion of Execution {pain, *Rage Int+6 Dex-4} (You found it on level 11 of the Dungeon)
 25587 | D:11     | Found a basalt altar of Yredelemnul.
 25713 | D:11     | Noticed Harold
 25730 | D:11     | Killed Harold
 25876 | Orc:1    | Entered Level 1 of the Orcish Mines
 26318 | Orc:1    | Noticed Nergalle
 26343 | Orc:2    | Killed Nergalle
 27471 | Orc:3    | Received a gift from Sif Muna
 27471 | Orc:3    | Reached XP level 15. HP: 80/80 MP: 39/39
 27472 | Orc:3    | Identified Sif Muna's Compendium of Curses and Sinister Rituals (Sif Muna gifted it to you on level 3 of the Orcish Mines)
 27479 | Orc:3    | Learned a level 5 spell: Bolt of Draining
 27567 | Orc:4    | Entered Level 4 of the Orcish Mines
 27609 | Orc:4    | Found a staircase to the Elven Halls.
 27614 | Orc:3    | Reached skill level 1 in Armour
 27713 | Orc:4    | Found Gibrut's Assorted Antiques.
 27796 | Orc:4    | Found a dark tunnel.
 27847 | Volcano  | Entered a volcano
 27847 | Volcano  | Noticed Lokkij's ghost (experienced DsTm)
 27852 | Volcano  | Killed Lokkij's ghost
 27882 | Volcano  | Found a bloodstained altar of Trog.
 28387 | Orc:4    | Found Dotsum's Magic Scroll Emporium.
 28396 | Orc:4    | Found Laimi's General Store.
 28445 | Orc:4    | Reached skill level 10 in Air Magic
 29590 | Orc:4    | Found Ethreci's Antique Weapon Shop.
 29590 | Orc:4    | Found Qietes's Book Boutique.
 29593 | Orc:4    | Found a one-way gate leading to the halls of Pandemonium.
 30067 | D:7      | Bought an uncursed amulet of regeneration for 480 gold pieces
 30374 | Shoals:1 | Entered Level 1 of the Shoals
 30688 | Orc:4    | Bought a dyed leather armour for 50 gold pieces
 30688 | Orc:4    | Bought a papyrus book for 375 gold pieces
 30703 | Orc:4    | Learned a level 2 spell: Repel Missiles
 31375 | Shoals:1 | Got a faintly humming ring mail
 31386 | Shoals:1 | Identified the +4 ring mail "Kuatwyon" {rN+} (You found it on level 1 of the Shoals)
 31925 | Shoals:2 | Reached skill level 19 in Spellcasting
 32279 | Shoals:2 | Noticed a kraken
 33121 | Shoals:3 | Received a gift from Sif Muna
 33123 | Shoals:3 | Identified Sif Muna's Papyrus of Poison (Sif Muna gifted it to you on level 3 of the Shoals)
 33243 | Shoals:3 | Noticed an octopode crusher
 33260 | Shoals:3 | Killed an octopode crusher
 33289 | Shoals:3 | Reached skill level 10 in Necromancy
 33318 | Shoals:3 | Upgraded the game from 0.17-a0-777-g32247ce to 0.17-a0-802-g1f09329
 34035 | Shoals:3 | Reached XP level 16. HP: 84/84 MP: 17/41
 34687 | Shoals:4 | Reached skill level 20 in Spellcasting
 35121 | Shoals:5 | Entered Level 5 of the Shoals
 35318 | Shoals:5 | Noticed Ilsuiw
 35360 | Shoals:5 | Killed Ilsuiw
 35423 | Shoals:5 | Identified Pehan's Compendium of Earth and Fire (You found it on level 5 of the Shoals)
 35584 | Shoals:5 | Reached skill level 5 in Evocations
 36192 | Shoals:4 | Received a gift from Sif Muna
 36196 | Shoals:4 | Identified Sif Muna's Volume of Unstable Evil (Sif Muna gifted it to you on level 4 of the Shoals)
 36226 | Shoals:5 | Reached skill level 10 in Dodging
 36251 | Shoals:5 | Gained mutation: Potions and wands are less effective at restoring your health. [potion of mutation]
 36251 | Shoals:5 | Gained mutation: You expend magic power (3 MP) to strengthen your wands. [potion of mutation]
 36251 | Shoals:5 | Lost mutation: Potions and wands are less effective at restoring your health. [potion of mutation]
 36252 | Shoals:5 | Lost mutation: You expend magic power (3 MP) to strengthen your wands. [potion of mutation]
 36252 | Shoals:5 | Gained mutation: You are robust (+10% HP). [potion of mutation]
 36252 | Shoals:5 | Gained mutation: Scrolls take you a little longer to read. [potion of mutation]
 36320 | Shoals:5 | Identified the Incunabulum of Feathery Augmentations
 36325 | Shoals:5 | Learned a level 3 spell: Flight
 36488 | Shoals:5 | Got a barnacled rune of Zot
 36511 | Shoals:5 | Got a wavering platinum amulet
 36513 | Shoals:5 | Identified the amulet of the Ancients {Gourm +Inv rElec rC+ Dex-3} (You found it on level 5 of the Shoals)
 36886 | Spider:1 | Entered Level 1 of the Spider Nest
 37051 | Spider:1 | Noticed Josephine
 37069 | Spider:1 | Killed Josephine
 37214 | Spider:1 | Your ally Josephine died
 37908 | Spider:1 | Reached skill level 21 in Spellcasting
 38507 | Spider:2 | Got a smoking robe
 38519 | Spider:2 | Identified the cursed +0 robe of Ylufycso {rN+ Str+4 SInv Stlth+} (You found it on level 2 of the Spider Nest)
 39661 | Spider:3 | Got a twitching jade ring
 39669 | Spider:3 | Identified the ring of Moodiness {rC++ Slay+4} (You found it on level 3 of the Spider Nest)
 40389 | Spider:3 | Reached skill level 10 in Stealth
 40574 | Spider:3 | Received a gift from Sif Muna
 40575 | Spider:3 | Identified Soloqapt's Volume of Weightlessness and Conjuration (Sif Muna gifted it to you on level 3 of the Spider Nest)
 40916 | Spider:4 | Reached XP level 17. HP: 99/99 MP: 26/44
 41117 | Spider:4 | Noticed Norris
 41148 | Spider:4 | Killed Norris
 41210 | Spider:4 | Your ally Norris died
 42318 | Shoals:5 | Learned a level 3 spell: Ignite Poison
 42494 | Lair:7   | Gained mutation: You occasionally shout uncontrollably at your foes. [a shining eye]
 42773 | Spider:5 | Entered Level 5 of the Spider Nest
 42802 | Spider:5 | Reached skill level 1 in Transmutations
 42837 | Spider:5 | Reached skill level 1 in Fire Magic
 43882 | Spider:5 | Got a gossamer rune of Zot
 44370 | Elf:1    | Entered Level 1 of the Elven Halls
 44652 | Elf:1    | Found Omipeip's Distillery.
 44794 | Elf:1    | Received a gift from Sif Muna
 45102 | Elf:1    | Reached skill level 22 in Spellcasting
 46766 | Elf:2    | Reached XP level 18. HP: 104/104 MP: 17/46
 46886 | Elf:2    | Learned a level 6 spell: Deflect Missiles
 46991 | Elf:2    | Found a runed gate.
 46991 | Elf:2    | Found a runed gate.
 46992 | Elf:2    | Found a runed gate.
 47352 | Elf:2    | Reached skill level 5 in Short Blades
 48886 | D:13     | Found a gate to the Vaults.
 49300 | Lair:8   | Learned a level 5 spell: Dispel Undead
 49731 | D:13     | Got a brightly glowing leather armour
 49770 | D:13     | Identified the +2 leather armour of the Four Places {rElec rF- Str+3 Dex+2} (You found it on level 13 of the Dungeon)
 50596 | Vaults:1 | Entered Level 1 of the Vaults
 50601 | Vaults:1 | Received a gift from Sif Muna
 51002 | Vaults:1 | Gained mutation: Your spells are a little harder to cast, but a little more powerful. [mutagenic meat]
 51003 | Vaults:1 | Gained mutation: Scrolls take you longer to read. [mutagenic meat]
 51254 | Lair:5   | Lost mutation: You are robust (+10% HP). [potion of cure mutation]
 51254 | Lair:5   | Lost mutation: You occasionally shout uncontrollably at your foes. [potion of cure mutation]
 51254 | Lair:5   | Lost mutation: Scrolls take you longer to read. [potion of cure mutation]
 51254 | Lair:5   | Lost mutation: Scrolls take you a little longer to read. [potion of cure mutation]
 51484 | Vaults:1 | Reached skill level 23 in Spellcasting
 51560 | Vaults:1 | Got a ring of the Octopus King
 51562 | Vaults:1 | Identified a ring of the Octopus King {SustAb AC+1 EV+1 Str+1 Int+1 Dex+1} (You found it on level 1 of the Vaults)
 51694 | Vaults:1 | Reached skill level 5 in Shields
 52122 | Vaults:1 | Upgraded the game from 0.17-a0-802-g1f09329 to 0.17-a0-848-g7e5c6af
 52879 | Vaults:2 | Reached XP level 19. HP: 84/100 MP: 24/48
 52881 | Vaults:2 | Noticed Xtahua
 52885 | Vaults:2 | Killed Xtahua
 52960 | Vaults:2 | Found Wuonoco's Gadget Boutique.
 53002 | Vaults:2 | Paralysed by a vampire knight for 2 turns
 53028 | Vaults:2 | Found a staircase to the Crypt.
 53029 | Vaults:2 | Got a distressingly furry ring mail
 53089 | Vaults:2 | Identified the cursed +0 ring mail of Valour {rElec rC- Str+2} (You found it on level 2 of the Vaults)
 53832 | Vaults:2 | Cast into the Abyss (an ogre mage)
 54001 | Abyss:1  | Noticed a bone dragon
 54108 | Abyss:1  | Received a gift from Sif Muna
 54109 | Abyss:1  | Identified Sif Muna's Reference Book on Evil (Sif Muna gifted it to you on level 1 of the Abyss)
 54261 | Vaults:2 | Escaped the Abyss
 55199 | Vaults:2 | Reached skill level 5 in Fighting
 55462 | Vaults:2 | Reached skill level 24 in Spellcasting
 55543 | Crypt:1  | Entered Level 1 of the Crypt
 55553 | Vaults:2 | Identified a scroll of acquirement
 56273 | Crypt:1  | Found an iron altar of Okawaru.
 57207 | Lair:8   | Learned a level 4 spell: Control Teleport
 57675 | Crypt:1  | Reached skill level 5 in Charms
 58174 | Crypt:2  | Received a gift from Sif Muna
 58175 | Crypt:2  | Identified Sif Muna's Catalogue of Fiery Combat Magic (Sif Muna gifted it to you on level 2 of the Crypt)
 58192 | Crypt:2  | Learned a level 4 spell: Sticky Flame
 58221 | Crypt:2  | Reached XP level 20. HP: 106/106 MP: 18/50
 58870 | Crypt:2  | Gained mutation: You are weak. (Str -2) [potion of mutation]
 58870 | Crypt:2  | Lost mutation: Your spells are a little harder to cast, but a little more powerful. [potion of mutation]
 58870 | Crypt:2  | Gained mutation: Armour fits poorly on your strangely shaped body. [potion of mutation]
 59647 | Crypt:2  | Your ally skeletal archer died
 59809 | Crypt:3  | Entered Level 3 of the Crypt
 61176 | Crypt:3  | Found a staircase to the Tomb.
 62164 | Crypt:3  | Reached skill level 25 in Spellcasting
 62235 | Crypt:2  | Received a gift from Sif Muna
 62236 | Crypt:2  | Identified Sif Muna's Papyrus of Attacks and Flight (Sif Muna gifted it to you on level 2 of the Crypt)
 62965 | Crypt:3  | Found a glowing golden altar of the Shining One.
 62965 | Crypt:3  | Noticed an ancient lich
 62968 | Crypt:3  | Killed an ancient lich
 62973 | Crypt:3  | Noticed Mennas
 63140 | Crypt:3  | Identified a +8 rod of the swarm (12/12) (You found it on level 3 of the Crypt)
 63141 | Crypt:3  | Identified a +3 rod of inaccuracy (10/10) (You found it on level 3 of the Crypt)
 63520 | Vaults:3 | Reached skill level 15 in Necromancy
 64220 | Vaults:3 | Found Mypheg's Weapon Emporium.
 64265 | Vaults:3 | Reached XP level 21. HP: 110/110 MP: 52/52
 65666 | Vaults:2 | Learned a level 6 spell: Death Channel
 65947 | Vaults:3 | Received a gift from Sif Muna
 65953 | Vaults:3 | Identified Sif Muna's Guide on Creative Unholy Rituals (Sif Muna gifted it to you on level 3 of the Vaults)
 66578 | Vaults:4 | Noticed xeno23's ghost (mighty FeBe)
 66582 | Vaults:4 | Killed xeno23's ghost
 66583 | Vaults:4 | Noticed Frederick
 66598 | Vaults:4 | Killed Frederick
 66658 | Vaults:4 | Noticed Mara
 66665 | Vaults:4 | Your ally Frederick died
 66667 | Vaults:4 | Noticed nubinia's illusion
 66703 | Vaults:4 | Killed Mara
 67023 | Vaults:4 | Reached skill level 15 in Air Magic
 67632 | Vaults:4 | Noticed nubinia's illusion
 67637 | Vaults:4 | Killed Mara
 67637 | Vaults:4 | Reached skill level 26 in Spellcasting
 68347 | Vaults:4 | Found Mablepubb's Antique Weapon Shoppe.
 68356 | Vaults:4 | Bought a warped short sword for 328 gold pieces
 68356 | Vaults:4 | Identified the +4 short sword of Awukywk {freeze, rPois} (You bought it in a shop on level 4 of the Vaults)
 68800 | Vaults:4 | Upgraded the game from 0.17-a0-848-g7e5c6af to 0.17-a0-854-g4a4ba72
 69060 | D:14     | Received a gift from Sif Muna
 69063 | D:14     | Identified Sif Muna's Tome of Orientation (Sif Muna gifted it to you on level 14 of the Dungeon)
 70084 | D:14     | Found Zeawev's Assorted Antiques.
 70098 | D:14     | Bought a scroll of teleportation for 81 gold pieces
 70321 | D:15     | Entered Level 15 of the Dungeon
 70523 | D:15     | Identified a +0 rod of the swarm (12/12) (You found it on level 15 of the Dungeon)
 70640 | D:15     | Found a shadowy altar of Dithmenos.
 70771 | D:15     | Found a staircase to the Depths.
 71044 | D:15     | Found an ancient bone altar of Kikubaaqudgha.
 71353 | Depths:1 | Entered Level 1 of the Depths
 72160 | Depths:1 | Found a gateway to Hell.
 72472 | Depths:1 | Found a runed door.
 72518 | Depths:1 | Identified the Incunabulum of Talismans and the Birds (You found it on level 1 of the Depths)
 72527 | Depths:1 | Learned a level 6 spell: Freezing Cloud
 72599 | Depths:2 | Noticed Wiglaf
 72607 | Depths:2 | Killed Wiglaf
 72756 | Depths:2 | Your ally Wiglaf died
 72768 | Depths:2 | Reached XP level 22. HP: 110/116 MP: 23/54
 72801 | Depths:2 | Noticed a caustic shrike
 72808 | Depths:2 | Killed a caustic shrike
 72856 | Depths:2 | Received a gift from Sif Muna
 72857 | Depths:2 | Identified Cistoth's Compendium of Combat Magic and the Blaze (Sif Muna gifted it to you on level 2 of the Depths)
 73806 | Depths:2 | Reached skill level 27 in Spellcasting
 74447 | Depths:2 | Learned a level 3 spell: Ozocubu's Armour
 74796 | Depths:2 | Found a gateway to a ziggurat.
 74797 | Depths:2 | Paralysed by a giant eyeball for 2 turns
 74807 | Depths:2 | Paralysed by a giant eyeball for 4 turns
 75011 | Depths:2 | Reached skill level 1 in Ice Magic
 75666 | Depths:2 | Received a gift from Sif Muna
 75671 | Depths:2 | Identified Sif Muna's Catalogue of Attacks (Sif Muna gifted it to you on level 2 of the Depths)
 76901 | Depths:3 | Got a spiked buckler
 76912 | Depths:3 | Identified the +2 buckler "Rein" {rCorr} (You acquired it on level 3 of the Depths)
 77095 | Depths:3 | Got a crystal broad axe
 77096 | Depths:3 | Identified the +10 broad axe of Plog {vamp, rC- MR+ MP+9} (You found it on level 3 of the Depths)
 77240 | Depths:3 | Found a one-way gate to the infinite horrors of the Abyss.
 77754 | Depths:3 | Reached skill level 5 in Ice Magic
 77754 | Depths:3 | Reached XP level 23. HP: 121/121 MP: 18/56
 77841 | Depths:3 | Got a dazzling mace
 77842 | Depths:3 | Identified the +7 mace of Tytehot {crush, rF+ MR+ MP+9} (You found it on level 3 of the Depths)
 78131 | Depths:3 | Received a gift from Sif Muna
 78132 | Depths:3 | Identified Sif Muna's Incunabulum of Companions (Sif Muna gifted it to you on level 3 of the Depths)
 78797 | Vaults:2 | Learned a level 4 spell: Iskenderun's Mystic Blast
 79233 | Elf:3    | Entered Level 3 of the Elven Halls
 79622 | Elf:3    | Found a shimmering altar of Xom.
 80435 | Elf:3    | Reached skill level 5 in Summonings
 80980 | Elf:3    | Got a flickering ivory ring
 80981 | Elf:3    | Identified the ring "Kiskeud" {+Fly rF+ MR+ Dex-4} (You took it off a deep elf high priest on level 3 of the Elven Halls)
 81101 | Elf:3    | Identified the Tome of Igneous Confrontation
 81762 | Spider:2 | Got an encrusted broad axe
 81763 | Spider:2 | Identified the +10 broad axe "Voikkipy" {freeze, Str+6} (You found it on level 2 of the Spider Nest)
 82337 | Depths:4 | Noticed a shard shrike
 82346 | Depths:4 | Killed a shard shrike
 82781 | Depths:4 | Found a white marble altar of Elyvilon.
 82785 | Depths:4 | Received a gift from Sif Muna
 82885 | Depths:4 | Found a shimmering altar of Xom.
 83014 | Depths:4 | Noticed Jorgrun
 83038 | Depths:4 | Killed Jorgrun
 83055 | Depths:4 | Your ally Jorgrun died
 83287 | Depths:4 | Lost mutation: You are weak. (Str -2) [potion of cure mutation]
 83287 | Depths:4 | Lost mutation: Armour fits poorly on your strangely shaped body. [potion of cure mutation]
 83429 | Depths:4 | Got a scintillating lapis lazuli ring
 83431 | Depths:4 | Identified the ring "Udauru" {Wiz Str+5 Int+4 Dex+3} (You took it off a deep elf sorcerer on level 4 of the Depths)
 83591 | Depths:4 | Got a jewelled hand crossbow
 83592 | Depths:4 | Identified the +9 hand crossbow of Extinguishment {flame, Int+3} (You found it on level 4 of the Depths)
 83699 | Depths:4 | Found a bloodstained altar of Trog.
 83999 | Depths:4 | Found a blossoming altar of Fedhas.
 84084 | Depths:4 | Got a slimy golden ring
 84086 | Depths:4 | Identified the ring of Tulaick {rF- rC+ rN+++ Str+3 Int-5} (You took it off a deep elf conjurer on level 4 of the Depths)
 84384 | Depths:4 | Upgraded the game from 0.17-a0-854-g4a4ba72 to 0.17-a0-870-gcb215c1
 84426 | Depths:5 | Entered Level 5 of the Depths
 85170 | Depths:5 | Reached XP level 24. HP: 127/127 MP: 45/56
 85409 | Depths:5 | Received a gift from Sif Muna
 85410 | Depths:5 | Identified Sif Muna's Intricacies of Spellcraft (Sif Muna gifted it to you on level 5 of the Depths)
 85483 | Depths:5 | Found a gate to the Realm of Zot.
 86242 | Depths:3 | Gained mutation: You are partially covered in iridescent scales (AC +4). [mutagenic meat]
 86506 | Vaults:5 | Entered Level 5 of the Vaults
 86510 | Vaults:5 | Noticed an ancient lich
 86785 | Vaults:4 | Reached skill level 15 in Dodging
 86919 | Vaults:4 | Reached skill level 15 in Stealth
 87545 | Vaults:5 | Reached skill level 15 in Conjurations
 87837 | Vaults:4 | Received a gift from Sif Muna
 88184 | Vaults:5 | Got a crystal long sword
 88185 | Vaults:5 | Identified the +2 long sword of Capital Punishment {vamp, rElec} (You found it on level 5 of the Vaults)
 88192 | Vaults:5 | Got a silver rune of Zot
 88361 | Vaults:5 | Reached XP level 25. HP: 122/132 MP: 19/56
 88623 | Vaults:5 | Found Raw Pots's Assorted Antiques.
 88653 | Vaults:5 | Bought a scroll of teleportation for 96 gold pieces
 88653 | Vaults:5 | Bought a potion of heal wounds for 160 gold pieces
 88718 | Vaults:5 | Killed an ancient lich
 88789 | Vaults:5 | Got a spiked helmet
 88790 | Vaults:5 | Identified the cursed +0 helmet "Famoshrenga" {Int+7} (You found it on level 5 of the Vaults)
 88915 | Vaults:5 | Noticed an ancient lich
 88927 | Vaults:5 | Killed an ancient lich
 88962 | Vaults:5 | Noticed an ancient lich
 88971 | Vaults:5 | Killed an ancient lich
 89050 | Vaults:5 | Got a smoking hand axe
 89051 | Vaults:5 | Identified the +6 hand axe of Daitim {freeze, +Blink Dex+3} (You found it on level 5 of the Vaults)
 89155 | Vaults:5 | Fell from the grace of Sif Muna
 89334 | Vaults:2 | Gained mutation: You passively map a small area around you. [mutagenic glow]
 89633 | D:6      | Became a worshipper of the Shining One
 89992 | Tomb:1   | Entered Level 1 of the Tomb of the Ancients
 90516 | Lair:5   | Learned a level 4 spell: Iskenderun's Mystic Blast
 90522 | Lair:5   | Learned a level 5 spell: Bolt of Magma
 90528 | Lair:5   | Learned a level 5 spell: Iskenderun's Battlesphere
 90536 | Lair:5   | Learned a level 7 spell: Spellforged Servitor
 90542 | Lair:5   | Learned a level 5 spell: Fireball
 90549 | Lair:5   | Learned a level 6 spell: Bolt of Fire
 91127 | Tomb:1   | Acquired the Shining One's first power
 92741 | Tomb:1   | Acquired the Shining One's second power
 93405 | Vaults:2 | Learned a level 4 spell: Sticky Flame
 93919 | Tomb:1   | Noticed an ancient lich
 94430 | Tomb:1   | Killed an ancient lich
 95447 | D:6      | Found a glowing golden altar of the Shining One.
 95461 | D:6      | Killed Blork the orc
 96259 | D:3      | Found an iron altar of Okawaru.
 96366 | D:3      | Killed trelanon's ghost
 97114 | Tomb:1   | Acquired the Shining One's third power
 97727 | Tomb:1   | Acquired the Shining One's fourth power
 98188 | Tomb:2   | Noticed an ancient lich
 99529 | Tomb:1   | Killed an ancient lich
104914 | Lair:5   | Found a hole to the Spider Nest.
105109 | Lair:5   | Found a staircase to the Shoals.
106189 | Lair:7   | Found a white marble altar of Elyvilon.
106363 | Lair:7   | Found a staircase to the Slime Pits.
108180 | Lair:8   | Upgraded the game from 0.17-a0-870-gcb215c1 to 0.17-a0-877-ga10078a
109435 | Tomb:1   | Reached XP level 26. HP: 90/138 MP: 3/56
111048 | Tomb:2   | Gained mutation: Your magical capacity is low (-10% MP). [mutagenic glow]
112652 | Tomb:1   | Reached skill level 10 in Charms
113451 | Tomb:1   | Reached skill level 5 in Fire Magic
113907 | Tomb:1   | Reached skill level 1 in Earth Magic
117175 | Zot:1    | Entered Level 1 of the Realm of Zot
118374 | Zot:1    | Reached skill level 10 in Translocations
118509 | Zot:1    | Reached skill level 10 in Short Blades
119804 | Crypt:3  | Killed Mennas
119859 | Crypt:3  | Identified an uncursed eudemon blade of holy wrath {god gift} (a demon blade of flaming blessed by the Shining One)
121044 | Orc:4    | Bought a scroll of enchant weapon for 112 gold pieces
121047 | Orc:4    | Bought a scroll of enchant weapon for 90 gold pieces
121047 | Orc:4    | Bought a scroll of summoning for 114 gold pieces
121047 | Orc:4    | Bought a scroll of blinking for 90 gold pieces
121513 | Vaults:5 | Bought a scroll of enchant weapon for 240 gold pieces
121980 | Tomb:3   | Entered Level 3 of the Tomb of the Ancients
122457 | Tomb:3   | Reached skill level 10 in Invocations
123003 | Tomb:2   | Reached XP level 27. HP: 114/140 MP: 21/50
123375 | Tomb:3   | Noticed an ancient lich
123559 | Tomb:2   | Killed an ancient lich
123933 | Tomb:2   | Was forgiven by Sif Muna
125352 | Tomb:3   | Identified the Papyrus of Bewitchment
125507 | Tomb:3   | Noticed an ancient lich
125517 | Tomb:3   | Killed an ancient lich
125652 | Tomb:3   | Got a golden rune of Zot
125742 | Tomb:3   | Got a pair of ichor-stained boots
125743 | Tomb:3   | Identified the +1 pair of boots of the Gate {rF+ rN+ Regen+ Dex-5} (You found it on level 3 of the Tomb of the Ancients)
125814 | Tomb:3   | Identified a +5 rod of ignition (14/14) (You found it on level 3 of the Tomb of the Ancients)
125816 | Tomb:3   | Identified the Almanac of Floating Beguiling
125824 | Tomb:3   | Identified a +4 rod of destruction (14/14) (You found it on level 3 of the Tomb of the Ancients)
126181 | Tomb:1   | Got a translucent trident
126182 | Tomb:1   | Identified the cursed +3 trident of the Grave {venom, +Inv} (You took it off a guardian mummy on level 1 of the Tomb of the Ancients)
127227 | D:5      | Fell from the grace of the Shining One
127227 | D:5      | Became a worshipper of Zin the Law-Giver
127227 | D:5      | Acquired Zin's first power
127227 | D:5      | Acquired Zin's second power
127227 | D:5      | Acquired Zin's third power
127227 | D:5      | Acquired Zin's fourth power
128098 | Slime:1  | Entered Level 1 of the Pits of Slime
128291 | Slime:2  | Noticed Dissolution
129794 | Slime:4  | Was placed under penance by Zin
130635 | D:5      | Donated 3913 gold pieces to Zin
130718 | D:9      | Was forgiven by Zin
131141 | Depths:3 | Voluntarily entered the Abyss.
132478 | Abyss:2  | Reached skill level 1 in Long Blades
132757 | Abyss:2  | Found a corrupted altar of Lugonu.
132852 | Abyss:2  | Noticed an ancient lich
132867 | Abyss:2  | Killed an ancient lich
133684 | Abyss:4  | Found a corrupted altar of Lugonu.
134063 | Abyss:5  | Entered Level 5 of the Abyss
134070 | Abyss:5  | Found a corrupted altar of Lugonu.
134289 | Abyss:5  | Found a corrupted altar of Lugonu.
135604 | Abyss:5  | Quit the game

Action                   |  1- 3 |  4- 6 |  7- 9 | 10-12 | 13-15 | 16-18 | 19-21 | 22-24 | 25-27 || total
-------------------------+-------+-------+-------+-------+-------+-------+-------+-------+-------++-------
Melee: Dagger            |    31 |    26 |       |   147 |   482 |       |       |       |       ||   686
       Flail             |       |    10 |    63 |   255 |    55 |       |       |       |       ||   383
       Short sword       |       |       |       |       |   807 |   972 |  1063 |   863 |   857 ||  4562
       Staff             |       |       |       |       |       |     1 |       |       |       ||     1
       Eudemon blade     |       |       |       |       |       |       |       |       |   349 ||   349
       Mace              |       |       |       |       |       |       |       |       |    11 ||    11
 Fire: Blowgun           |       |       |       |     1 |    73 |    76 |    35 |    17 |       ||   202
 Cast: Sting             |    88 |   131 |   198 |   296 |    43 |    82 |       |       |       ||   838
       Cure Poison       |       |     2 |       |    12 |    17 |    10 |       |       |       ||    41
       Mephitic Cloud    |       |     6 |    13 |    64 |   302 |   307 |   159 |   163 |    11 ||  1025
       Vampiric Draining |       |       |       |    24 |    44 |    16 |    18 |     4 |       ||   106
       Shroud of Golubri |       |       |       |    19 |    55 |    28 |    19 |    18 |    21 ||   160
       Olgreb's Toxic Ra |       |       |       |    17 |    14 |       |       |       |       ||    31
       Animate Skeleton  |       |       |       |    14 |    89 |    37 |    44 |    49 |     1 ||   234
       Regeneration      |       |       |       |     6 |    24 |     6 |    22 |    18 |     3 ||    79
       Animate Dead      |       |       |       |    28 |   106 |   126 |    90 |    86 |     5 ||   441
       Airstrike         |       |       |       |    18 |   373 |   331 |   260 |   388 |   533 ||  1903
       Force Lance       |       |       |       |       |    98 |   107 |    69 |   166 |   377 ||   817
       Summon Lightning  |       |       |       |       |    58 |    46 |    70 |    93 |    36 ||   303
       Control Undead    |       |       |       |       |     6 |     8 |    44 |    13 |       ||    71
       Blink             |       |       |       |       |     1 |     9 |     1 |     7 |     6 ||    24
       Swiftness         |       |       |       |       |     1 |     4 |     2 |     5 |    16 ||    28
       Bolt of Draining  |       |       |       |       |     4 |    41 |    87 |    97 |    14 ||   243
       Repel Missiles    |       |       |       |       |     3 |       |       |       |       ||     3
       Apportation       |       |       |       |       |     2 |     1 |     1 |       |     2 ||     6
       Flight            |       |       |       |       |       |     9 |     7 |     8 |     3 ||    27
       Ignite Poison     |       |       |       |       |       |    55 |       |       |       ||    55
       Dispel Undead     |       |       |       |       |       |    13 |   200 |    23 |    10 ||   246
       Deflect Missiles  |       |       |       |       |       |     2 |     8 |     6 |     4 ||    20
       Control Teleport  |       |       |       |       |       |       |     3 |     4 |     1 ||     8
       Sticky Flame      |       |       |       |       |       |       |    26 |       |   121 ||   147
       Death Channel     |       |       |       |       |       |       |    13 |    43 |     3 ||    59
       Freezing Cloud    |       |       |       |       |       |       |       |    52 |     5 ||    57
       Ozocubu's Armour  |       |       |       |       |       |       |       |    17 |    27 ||    44
       Iskenderun's Myst |       |       |       |       |       |       |       |     3 |       ||     3
       Fireball          |       |       |       |       |       |       |       |       |   203 ||   203
       Iskenderun's Batt |       |       |       |       |       |       |       |       |   146 ||   146
       Spellforged Servi |       |       |       |       |       |       |       |       |    91 ||    91
       Bolt of Magma     |       |       |       |       |       |       |       |       |   115 ||   115
       Bolt of Fire      |       |       |       |       |       |       |       |       |     8 ||     8
Invok: Channel Energy    |       |       |    16 |   123 |   460 |   235 |   407 |   598 |    54 ||  1893
       Forget Spell      |       |       |       |       |     1 |     3 |     2 |       |     7 ||    13
       Summon Divine War |       |       |       |       |       |       |       |       |     1 ||     1
       Renounce Religion |       |       |       |       |       |       |       |       |     1 ||     1
       Cleansing Flame   |       |       |       |       |       |       |       |       |     8 ||     8
       Recite            |       |       |       |       |       |       |       |       |    43 ||    43
       Vitalisation      |       |       |       |       |       |       |       |       |     1 ||     1
       Sanctuary         |       |       |       |       |       |       |       |       |     1 ||     1
Evoke: Wand              |       |       |       |     2 |     5 |    35 |    10 |    28 |    34 ||   114
       Phial of floods   |       |       |       |       |     1 |     2 |     1 |     1 |       ||     5
       Stone of tremors  |       |       |       |       |       |       |     1 |       |     3 ||     4
       Lamp of fire      |       |       |       |       |       |       |       |       |     2 ||     2
  Use: Potion            |     2 |       |     3 |     2 |     6 |    12 |     8 |    13 |    22 ||    68
       Scroll            |     1 |     6 |     4 |    17 |    26 |    16 |    17 |    25 |    35 ||   147
 Stab: Sleeping          |     3 |       |     1 |     6 |    24 |    32 |    42 |    16 |     6 ||   130
       Confused          |       |       |       |    16 |   114 |    76 |    77 |    70 |     5 ||   358
       Distracted        |       |       |       |     2 |    16 |    11 |    19 |    20 |    12 ||    80
       Fleeing           |       |       |       |       |     1 |       |       |       |       ||     1
  Eat: Chunk             |     4 |     9 |    12 |    42 |   129 |   106 |   130 |   146 |    93 ||   671
       Royal jelly       |       |       |       |     1 |     1 |       |       |       |       ||     2
       Fruit             |       |       |       |       |     2 |     1 |       |       |    54 ||    57
       Beef jerky        |       |       |       |       |     1 |       |     2 |       |     2 ||     5
       Pizza             |       |       |       |       |     1 |       |     1 |       |     1 ||     3
       Meat ration       |       |       |       |       |       |     2 |     1 |       |     2 ||     5
       Bread ration      |       |       |       |       |       |       |     1 |       |     4 ||     5
